 Dungeon Sprint DCSS version 0.30-a0-58-gc0703345a7 (webtiles) character file.

Game seed: 12776775173937710377

43 lesbiats the Trooper (level 3, -3/42 HPs)
             Began as an Ogre Gladiator on Sept 11, 2022.
             Splashed by a jelly's acid (5 damage)
             ... in the Dungeon (Sprint IX: "|||||||||||||||||||||||||||||").
             The game lasted 00:00:57 (168 turns).

lesbiats the Trooper (Ogre Gladiator)                Turns: 168, Time: 00:00:58

Health: -3/42      AC:  3    Str: 20    XL:     3   Next: 58%
Magic:  3/3        EV: 10    Int:  9    God:
Gold:   0          SH:  0    Dex: 10    Spells: 2/2 levels left

rFire   . . .      SeeInvis .    a - +0 flail
rCold   . . .      Faith    .    (no shield)
rNeg    . . .      Spirit   .    b - +0 robe
rPois   .          Reflect  .    c - +0 hat
rElec   .          Harm     .    (no cloak)
rCorr   .          Rampage  .    (gloves unavailable)
Will    .....      NoTele   +    (boots unavailable)
Stlth   +.........               (no amulet)
HPRegen 0.14/turn                (no ring)
MPRegen 0.08/turn                (no ring)

@: no status effects
A: large, unfitting armour, tough skin 1
a: no special abilities


You were in the Dungeon.
You visited 1 branch

Inventory:

Hand Weapons
 a - a +0 flail (weapon)
Missiles
 d - 2 throwing nets (quivered)
 e - a large rock
Armour
 b - a +0 robe (worn)
 c - a +0 hat (worn)
Scrolls
 k - a scroll of blinking
Potions
 h - a potion of haste
 i - 2 potions of magic
 j - a potion of berserk rage


   Skills:
 * Level 5.2 Fighting
 + Level 4.7 Maces & Flails
 - Level 2.0 Throwing
 + Level 4.4 Dodging


You had 2 spell levels left.
You didn't know any spells.
Your spell library was empty.

Dungeon Overview and Level Annotations

Branches:
Dungeon (1/1)

Altars:


Innate Abilities, Weirdness & Mutations

You are too large for most types of armour.
You have tough skin. (AC +1)


Message History

The iguana bites you.
You hit the iguana.
The iguana is severely wounded.
The iguana closely misses you.
You thump the iguana!
You kill the iguana!
Your Fighting skill increases to level 5!
Your Maces & Flails skill increases to level 4!
Your Dodging skill increases to level 4!
You have reached level 3!
Your experience leads to an increase in your attributes!
Increase (S)trength, (I)ntelligence, or (D)exterity?
You feel stronger. x3
You hit the jelly but do no damage. The acid corrodes you!
Your hands burn!
The jelly jiggles.
The jelly hits you.
* * * LOW HITPOINT WARNING * * *
You are splashed with acid!
* * * LOW HITPOINT WARNING * * *
The jelly closely misses you.
Items here: )) ††.
There is an open door to the Dungeon here.
Throw: 3 throwing nets
Press: ? - help, Shift-Dir - straight line, f - jelly
Aim: a jelly (89% to hit)
You throw a throwing net. The throwing net hits the jelly.
The jelly is caught in the net!
The jelly struggles against the net.
The jelly struggles against the net.
The jelly struggles against the net.
As you close the door, it creaks loudly!
You hear a slurping noise.
The jelly eats the door!
You hit the jelly.
Your hands burn!
* * * LOW HITPOINT WARNING * * *
The jelly is lightly wounded.
You are no longer corroded.
The jelly hits you but does no damage. x2
You thump the jelly!
Your hands burn!
You die... ▓▓▓▓▓▓▓▓▓▓▓▓▓▓▓▓▓▓ +.....'....)hsJ@<▓ ▓▓▓▓▓▓▓▓▓▓▓▓▓▓▓▓▓▓

You could see a scorpion, a hound and a jelly.

Vanquished Creatures
  An iguana (D)
  An adder (D)
  A giant cockroach (D)
  2 goblins (D)
  A hobgoblin (D)
  A rat (D)
7 creatures vanquished.

Notes
Turn   | Place    | Note
-------+----------+-------------------------------------------
     0 | D        | lesbiats the Ogre Gladiator began the quest for the Orb.
     0 | D        | Reached XP level 1. HP: 22/22 MP: 1/1
     8 | D        | Reached skill level 3 in Fighting
   129 | D        | Noticed a hound
   129 | D        | Noticed a scorpion
   129 | D        | Noticed a jelly
   129 | D        | Noticed an iguana
   147 | D        | Reached skill level 4 in Fighting
   147 | D        | Reached XP level 2. HP: 10/32 MP: 2/2
   148 | D        | HP: 1/32 [iguana (8)]
   153 | D        | Reached skill level 5 in Fighting
   153 | D        | Reached XP level 3. HP: 15/42 MP: 3/3
   153 | D        | HP: 2/42 [acid (10)]
   167 | D        | HP: 2/42 [acid (2)]
   168 | D        | Splashed by a jelly's acid

Illustrated notes

Levels and vault maps discovered:
D:        linesprint [early_d, line_temple, items_1, d_10, items_2, lair_1,
          lair_end, items_3, orc_1, orc_end, items_4, d_15, swamp_1, shoals_1,
          snake_1, spider_1, d_20, vaults_1, items_5, swamp_end, shoals_end,
          snake_end, spider_end, vaults_end, d_27, items_6, zot_1, zot_end,
          crypt_end, forest_end, elf_end, slime_end, tomb_end, abyss_end,
          pan_hell_end]

Skill      XL: |  1  2 |
---------------+-------+-----
Fighting       | 4 5 |  5.2
Maces & Flails | 3 4 |  4.7
Dodging        | 3 4 |  4.4
Throwing       | |  2.0

Action                   || total
-------------------------++-------
Melee: Flail             ||    38
Throw: Throwing net      ||     1
  Use: Potion            ||     2
Armor: Robe              ||     8
Dodge: Dodged            ||    23

Table legend: (Time is in decaauts)
 A = Elapsed time spent in this place.
 B = Non-inter-level travel time spent in this place.
 C = Inter-level travel time spent in this place.
 D = Time resting spent in this place.
 E = Time spent auto-exploring this place.
 F = Levels seen in this place.
 G = Mean time per level.
                   A        B        C        D        E       F      G
               +--------+--------+--------+--------+--------+-----+--------+
         Total |    177 |    177 |      0 |    102 |      3 |   1 |  177.0 |
       Dungeon |    177 |    177 |      0 |    102 |      3 |   1 |  177.0 |
               +--------+--------+--------+--------+--------+-----+--------+

Top non-repeatable levels by time:
       D: 177 daAuts
